3A
PROVO MANGO @ PUT-IN-BAY BC
08/09/2028
 
TOP OF THE 1ST
Provo Mango batting - Pitching for Put-In-Bay BC : RHP Juan Parales
Pitching: RHP Juan Parales
Batting: LHB Su-wu Xiao 0-0: Ball
1-0: Called Strike
1-1: Ground out U3 (Groundball, 3)
Batting: RHB Hatui Haunani 0-0: Called Strike
0-1: Ground out 6-3 (Groundball, 6)
Batting: LHB Xu Cheng 0-0: Foul Ball, location: 2F
0-1: Ball
1-1: Swinging Strike
1-2: Ball
2-2: Ball
3-2: Strikes out swinging
Top of the 1st over - 0 run(s), 0 hit(s), 0 error(s), 0 left on base; Provo 0 - Put-In-Bay 0
BOTTOM OF THE 1ST
Put-In-Bay BC batting - Pitching for Provo Mango : RHP Grover Lowdermilk
Pitching: RHP Grover Lowdermilk
Batting: RHB Alfie Hollington 0-0: Ball
1-0: Ball
2-0: Foul Ball, location: 2F
2-1: Swinging Strike
2-2: Strikes out looking
Batting: RHB Andrew Cantrell 0-0: Called Strike
0-1: Foul Ball, location: 2F
0-2: Ball
1-2: SINGLE (Flyball, 89S)
Batting: RHB Juan Tellado 0-0: Ball
1-0: Grounds into double play, 6-4-3 (Groundball, 6)
Bottom of the 1st over - 0 run(s), 1 hit(s), 0 error(s), 0 left on base; Provo 0 - Put-In-Bay 0
TOP OF THE 2ND
Provo Mango batting - Pitching for Put-In-Bay BC : RHP Juan Parales
Batting: RHB Xi-ku See-to 0-0: DOUBLE (Groundball, 5L)
Batting: RHB Francisco Guerra 0-0: Fly out, F9 (Flyball, 9LM)
Batting: SHB Tommy Dreamer 0-0: Ball
1-0: Ball
2-0: Called Strike
2-1: Called Strike
2-2: Ball
3-2: Strikes out looking
Batting: RHB Guillermo Carrizales 0-0: Ball
1-0: Ball
2-0: Ball
3-0: Called Strike
3-1: Called Strike
3-2: SINGLE (Flyball, 8LS)
Xi-ku See-to to third
Xi-ku See-to scores
Batting: SHB Mike Waddingham 0-0: Ball
Guillermo Carrizales is caught stealing 2nd base
Top of the 2nd over - 1 run(s), 2 hit(s), 0 error(s), 0 left on base; Provo 1 - Put-In-Bay 0
BOTTOM OF THE 2ND
Put-In-Bay BC batting - Pitching for Provo Mango : RHP Grover Lowdermilk
Batting: LHB Shelby Noonan 0-0: Ball
1-0: Ball
2-0: Foul Ball, location: 2F
2-1: Called Strike
2-2: SINGLE (Flyball, 8LS)
Batting: SHB Theron Montecalvo 0-0: Called Strike
0-1: Ball
1-1: Foul Ball, location: 2F
1-2: Ball
2-2: DOUBLE (Line Drive, 9LM)
Shelby Noonan to third
Batting: RHB Brock Dean 0-0: Fly out, F6 (Line Drive, 6)
Batting: RHB Mike Elzey 0-0: Ball
1-0: Called Strike
1-1: Ball
2-1: Foul Ball, location: 2F
2-2: Ball
3-2: Strikes out swinging
Batting: RHB Alejandro Márquez 0-0: Ball
1-0: Foul Ball, location: 2F
1-1: Foul Ball, location: 2F
1-2: Ground out 5-3 (Groundball, 5)
Bottom of the 2nd over - 0 run(s), 2 hit(s), 0 error(s), 2 left on base; Provo 1 - Put-In-Bay 0
TOP OF THE 3RD
Provo Mango batting - Pitching for Put-In-Bay BC : RHP Juan Parales
Batting: SHB Mike Waddingham 0-0: Ball
1-0: Swinging Strike
1-1: Fly out, F7 (Flyball, 78M)
Batting: LHB Jesús De Jesús 0-0: Ball
1-0: Ground out U3 (Groundball, 34)
Batting: LHB Su-wu Xiao 0-0: SINGLE (Line Drive, 4M)
Batting: RHB Hatui Haunani 0-0: Called Strike
0-1: Ball
1-1: Ball
Pickoff Throw to First - Error! E1
Su-wu Xiao to second
2-1: Swinging Strike
2-2: Foul Ball, location: 2F
2-2: Foul Ball, location: 2F
2-2: Ball
3-2: DOUBLE (Flyball, 78D)
Su-wu Xiao scores
Batting: LHB Xu Cheng 0-0: Ball
1-0: Ball
2-0: Swinging Strike
2-1: Called Strike
2-2: Strikes out looking
Top of the 3rd over - 1 run(s), 2 hit(s), 1 error(s), 1 left on base; Provo 2 - Put-In-Bay 0
BOTTOM OF THE 3RD
Put-In-Bay BC batting - Pitching for Provo Mango : RHP Grover Lowdermilk
Batting: RHB Steven Rohrs 0-0: Called Strike
0-1: SINGLE (Line Drive, 6D)
Batting: RHB Alfie Hollington 0-0: Ball
1-0: Foul Ball, location: 2F
1-1: Ball
2-1: Foul Ball, location: 2F
2-2: Ball
3-2: Foul Ball, location: 2F
3-2: Base on Balls
Steven Rohrs to second
Batting: RHB Andrew Cantrell 0-0: Called Strike
0-1: Foul Ball, location: 2F
0-2: Ball
1-2: Fly out, F5 (Popup, 5L)
Batting: RHB Juan Tellado 0-0: Ball
Steven Rohrs steals 3rd base
Alfie Hollington to second
1-0: Ball
2-0: Ball
3-0: Base on Balls
Batting: LHB Shelby Noonan 0-0: Foul Ball, location: 2F
0-1: Ball
1-1: Ball
2-1: Ball
3-1: Called Strike
3-2: Fly out, F5 (Popup, 5S)
Batting: SHB Theron Montecalvo 0-0: Called Strike
0-1: Ball
1-1: Ground out U3 (Groundball, 34)
Bottom of the 3rd over - 0 run(s), 1 hit(s), 0 error(s), 3 left on base; Provo 2 - Put-In-Bay 0
TOP OF THE 4TH
Provo Mango batting - Pitching for Put-In-Bay BC : RHP Juan Parales
Batting: RHB Xi-ku See-to 0-0: Ground out 5-3 (Groundball, 56)
Batting: RHB Francisco Guerra 0-0: Ball
1-0: Called Strike
1-1: Foul Ball, location: 2F
1-2: Ball
2-2: Strikes out swinging
Batting: SHB Tommy Dreamer 0-0: Ball
1-0: Swinging Strike
1-1: Foul Ball, location: 2F
1-2: Ball
2-2: SINGLE (Line Drive, 6M)
Batting: RHB Guillermo Carrizales 0-0: Ball
1-0: DOUBLE (Line Drive, 7LM)
Tommy Dreamer to third
Runner from 3rd tries for Home, SAFE, no throw
Batting: SHB Mike Waddingham 0-0: Ball
1-0: Called Strike
1-1: Foul Ball, location: 2F
1-2: Strikes out looking
Top of the 4th over - 1 run(s), 2 hit(s), 0 error(s), 1 left on base; Provo 3 - Put-In-Bay 0
BOTTOM OF THE 4TH
Put-In-Bay BC batting - Pitching for Provo Mango : RHP Grover Lowdermilk
Batting: RHB Brock Dean 0-0: Bunt for hit - play at first, batter OUT! 5-3
Batting: RHB Mike Elzey 0-0: Ball
1-0: Foul Ball, location: 2F
1-1: Swinging Strike
1-2: Fly out, F4 (Popup, 3D)
Batting: RHB Alejandro Márquez 0-0: Foul Ball, location: 2F
0-1: Swinging Strike
0-2: Strikes out swinging
Bottom of the 4th over - 0 run(s), 0 hit(s), 0 error(s), 0 left on base; Provo 3 - Put-In-Bay 0
TOP OF THE 5TH
Provo Mango batting - Pitching for Put-In-Bay BC : RHP Juan Parales
Batting: LHB Jesús De Jesús 0-0: Foul Ball, location: 2F
0-1: Ball
1-1: Ball
2-1: Called Strike
2-2: Strikes out swinging
Batting: LHB Su-wu Xiao 0-0: Foul Ball, location: 2F
0-1: Fly out, F9 (Flyball, 9S)
Batting: RHB Hatui Haunani 0-0: Ground out 6-3 (Groundball, 6)
Top of the 5th over - 0 run(s), 0 hit(s), 0 error(s), 0 left on base; Provo 3 - Put-In-Bay 0
BOTTOM OF THE 5TH
Put-In-Bay BC batting - Pitching for Provo Mango : RHP Grover Lowdermilk
Batting: RHB Steven Rohrs 0-0: SINGLE (Groundball, 56D)
Batting: RHB Alfie Hollington 0-0: Bunt missed!
0-1: Bunt - Flyout! F2
Batting: RHB Andrew Cantrell 0-0: Called Strike
0-1: Ball
1-1: Ball
2-1: Swinging Strike
2-2: Ball
3-2: Base on Balls
Steven Rohrs to second
Batting: RHB Juan Tellado 0-0: Called Strike
0-1: Grounds into double play, 5-4-3 (Groundball, 5)
Bottom of the 5th over - 0 run(s), 1 hit(s), 0 error(s), 1 left on base; Provo 3 - Put-In-Bay 0
TOP OF THE 6TH
Provo Mango batting - Pitching for Put-In-Bay BC : RHP Juan Parales
Batting: LHB Xu Cheng 0-0: Called Strike
0-1: Ball
1-1: Ball
2-1: Swinging Strike
2-2: Ground out 4-3 (Groundball, 34)
Batting: RHB Xi-ku See-to 0-0: Ball
1-0: Called Strike
1-1: Swinging Strike
1-2: Strikes out swinging
Batting: RHB Francisco Guerra 0-0: Ball
1-0: Swinging Strike
1-1: Fly out, F9 (Flyball, 9)
Top of the 6th over - 0 run(s), 0 hit(s), 0 error(s), 0 left on base; Provo 3 - Put-In-Bay 0
BOTTOM OF THE 6TH
Put-In-Bay BC batting - Pitching for Provo Mango : RHP Grover Lowdermilk
Batting: LHB Shelby Noonan 0-0: Called Strike
0-1: Ball
1-1: Foul Ball, location: 2F
1-2: Ball
2-2: Strikes out swinging
Batting: SHB Theron Montecalvo 0-0: Called Strike
0-1: Fly out, F8 (Flyball, 8RM)
Batting: RHB Brock Dean 0-0: Called Strike
0-1: Foul Ball, location: 2F
0-2: Ball
1-2: Foul Ball, location: 2F
1-2: Strikes out looking
Bottom of the 6th over - 0 run(s), 0 hit(s), 0 error(s), 0 left on base; Provo 3 - Put-In-Bay 0
TOP OF THE 7TH
Provo Mango batting - Pitching for Put-In-Bay BC : RHP Juan Parales
Batting: SHB Tommy Dreamer 0-0: Ball
1-0: Ball
2-0: Fly out, F8 (Flyball, 78M)
Batting: RHB Guillermo Carrizales 0-0: Foul Ball, location: 2F
0-1: Fly out, F8 (Flyball, 8RM)
Batting: SHB Mike Waddingham 0-0: Foul Ball, location: 2F
0-1: Foul Ball, location: 2F
0-2: Ball
1-2: Ball
2-2: Ball
3-2: Ground out 3-1 (Groundball, 34)
Top of the 7th over - 0 run(s), 0 hit(s), 0 error(s), 0 left on base; Provo 3 - Put-In-Bay 0
BOTTOM OF THE 7TH
Put-In-Bay BC batting - Pitching for Provo Mango : RHP Grover Lowdermilk
Batting: RHB Mike Elzey 0-0: Ball
1-0: Foul Ball, location: 2F
1-1: Foul Ball, location: 2F
1-2: Ball
2-2: Foul Ball, location: 2F
2-2: Ball
3-2: Base on Balls
Batting: RHB Alejandro Márquez 0-0: Called Strike
0-1: SINGLE (Flyball, 8LS)
Mike Elzey to second
Runner from 2nd tries for 3rd, SAFE, throw made to third
Batting: RHB Steven Rohrs 0-0: Foul Ball, location: 2F
0-1: Ball
1-1: Swinging Strike
1-2: Strikes out looking
Batting: RHB Alfie Hollington 0-0: Called Strike
0-1: Foul Ball, location: 2F
0-2: Foul Ball, location: 2F
0-2: Fielders Choice at 2nd, 5-4 (Groundball, 56)
Mike Elzey scores
Batting: RHB Andrew Cantrell 0-0: Ball
1-0: Called Strike
1-1: Foul Ball, location: 2F
1-2: Foul Ball, location: 2F
1-2: Ground out 5-3 (Groundball, 5)
Bottom of the 7th over - 1 run(s), 1 hit(s), 0 error(s), 1 left on base; Provo 3 - Put-In-Bay 1
TOP OF THE 8TH
Provo Mango batting - Pitching for Put-In-Bay BC : RHP Juan Parales
Batting: LHB Jesús De Jesús 0-0: Called Strike
0-1: Ball
1-1: Ball
2-1: Foul Ball, location: 2F
2-2: Foul Ball, location: 2F
2-2: Ball
3-2: Strikes out swinging
Batting: LHB Su-wu Xiao 0-0: Fly out, F7 (Flyball, 7LS)
Batting: RHB Hatui Haunani 0-0: Ball
1-0: SINGLE (Flyball, 9LS)
Batting: LHB Xu Cheng 0-0: Called Strike
0-1: Ball
1-1: Foul Ball, location: 2F
1-2: Foul Ball, location: 2F
1-2: Ball
2-2: Fly out, F8 (Flyball, 8RD)
Top of the 8th over - 0 run(s), 1 hit(s), 0 error(s), 1 left on base; Provo 3 - Put-In-Bay 1
BOTTOM OF THE 8TH
Put-In-Bay BC batting - Pitching for Provo Mango : RHP Grover Lowdermilk
Batting: RHB Juan Tellado 0-0: Ball
1-0: Called Strike
1-1: Ball
2-1: Swinging Strike
2-2: Strikes out swinging
Pitching: RHP Hengkie Iriawan
Batting: LHB Shelby Noonan 0-0: Ground out U3 (Groundball, 3)
Batting: SHB Theron Montecalvo 0-0: Ball
1-0: Foul Ball, location: 2F
1-1: DOUBLE (Flyball, 89D)
Pitching: RHP Pancho Mastache
Batting: RHB Brock Dean 0-0: Ball
1-0: Called Strike
1-1: Ball
2-1: Ball
3-1: Foul Ball, location: 2F
3-2: Fly out, F4 (Popup, 4D)
Bottom of the 8th over - 0 run(s), 1 hit(s), 0 error(s), 1 left on base; Provo 3 - Put-In-Bay 1
TOP OF THE 9TH
Provo Mango batting - Pitching for Put-In-Bay BC : RHP Juan Parales
Batting: RHB Xi-ku See-to 0-0: Ball
1-0: Ball
2-0: Called Strike
2-1: Foul Ball, location: 2F
2-2: Foul Ball, location: 2F
2-2: Strikes out looking
Pitching: LHP Gerald Bolton
Batting: RHB Francisco Guerra 0-0: Ball
1-0: Called Strike
1-1: Ball
2-1: Foul Ball, location: 2F
2-2: Ball
3-2: Base on Balls
Batting: SHB Tommy Dreamer 0-0: Ball
1-0: Ball
2-0: Swinging Strike
2-1: Ball
3-1: Foul Ball, location: 2F
3-2: Base on Balls
Francisco Guerra to second
Pinch Hitting: RHB Michael Sweeney 0-0: Called Strike
Francisco Guerra steals 3rd base
Tommy Dreamer to second
0-1: Swinging Strike
0-2: Foul Ball, location: 2F
0-2: Ground out 1-3 (Groundball, P)
Batting: SHB Mike Waddingham 0-0: Called Strike
0-1: Ball
1-1: Ball
2-1: Swinging Strike
2-2: Strikes out looking
Top of the 9th over - 0 run(s), 0 hit(s), 0 error(s), 2 left on base; Provo 3 - Put-In-Bay 1
BOTTOM OF THE 9TH
Put-In-Bay BC batting - Pitching for Provo Mango : RHP Pancho Mastache
Pitching: RHP Juan Sánchez
Now at C: Egor Nabatov
Batting: RHB Mike Elzey 0-0: Called Strike
0-1: Ball
1-1: Ball
2-1: Ball
3-1: Called Strike
3-2: Foul Ball, location: 2F
3-2: Foul Ball, location: 2F
3-2: Foul Ball, location: 2F
3-2: SINGLE (Groundball, 56D)
Pinch Hitting: LHB Vladya Pugiev 0-0: Called Strike
0-1: Ball
1-1: Ball
2-1: Ball
3-1: Foul Ball, location: 2F
3-2: Fly out, F7 (Flyball, 78XD)
Pinch Hitting: RHB Ryan French 0-0: Called Strike
0-1: Swinging Strike
0-2: Ball
1-2: Strikes out swinging
Pinch Hitting: RHB Tony Cruz 0-0: Ball
1-0: Called Strike
1-1: Foul Ball, location: 2F
1-2: Fly out, F9 (Flyball, 9LSF)
Bottom of the 9th over - 0 run(s), 1 hit(s), 0 error(s), 1 left on base; Provo 3 - Put-In-Bay 1
Wednesday, August 23rd, 2017 - OOTP Baseball 17.12 Build 75